% Time on Ice - EDMONTON ICE
Lines # - Real PCT - Wanted PCT - Time Play
Normal Forward
1 - 31% - 36% - 14:14
2 - 32% - 34% - 14:22
3 - 26% - 24% - 11:40
4 - 11% - 6% - 5:13
Normal Defense
1 - 34% - 36% - 15:23
2 - 33% - 34% - 14:55
3 - 29% - 23% - 13:17
4 - 4% - 7% - 1:54
PP Forward
1 - 43% - 60% - 3:27
2 - 57% - 40% - 4:29
PP Defense
1 - 43% - 55% - 3:27
2 - 57% - 45% - 4:29
PK Forward
1 - 64% - 55% - 4:12
2 - 36% - 45% - 2:23
PK Defense
1 - 38% - 55% - 2:32
2 - 62% - 45% - 4:03
PK3 Forward
1 - 0% - 55%
2 - 0% - 45%
PK3 Defense
1 - 0% - 55%
2 - 0% - 45%
44 Forward
1 - 0% - 55%
2 - 0% - 45%
44 Defense
1 - 0% - 55%
2 - 0% - 45%
Last Minute Offensive  - 0:00
Last Minute Defensive  - 0:00
Total
Forward - 60:00
Defense - 60:00
% Time on Ice - PHOENIX MUSTANGS
Lines # - Real PCT - Wanted PCT - Time Play
Normal Forward
1 - 25% - 36% - 11:22
2 - 32% - 31% - 14:35
3 - 16% - 25% - 7:07
4 - 27% - 8% - 12:25
Normal Defense
1 - 34% - 36% - 15:29
2 - 36% - 31% - 16:35
3 - 24% - 23% - 11:05
4 - 5% - 10% - 2:20
PP Forward
1 - 62% - 55% - 4:03
2 - 38% - 45% - 2:32
PP Defense
1 - 45% - 55% - 2:58
2 - 55% - 45% - 3:37
PK Forward
1 - 63% - 55% - 5:00
2 - 37% - 45% - 2:56
PK Defense
1 - 50% - 55% - 4:00
2 - 50% - 45% - 3:56
PK3 Forward
1 - 0% - 55%
2 - 0% - 45%
PK3 Defense
1 - 0% - 55%
2 - 0% - 45%
44 Forward
1 - 0% - 55%
2 - 0% - 45%
44 Defense
1 - 0% - 55%
2 - 0% - 45%
Last Minute Offensive  - 0:00
Last Minute Defensive  - 0:00
Total
Forward - 60:00
Defense - 60:00
Play-by-Play 1st period 0:01 of 1st period - Ryan O'Reilly wins face-off versus Nicklas Backstrom in neutral zone. 0:05 of 1st period - Ryan O'Reilly is hit by Gavin Bayreuther and loses puck. 0:14 of 1st period - Icing by Ryan O'Reilly. 0:15 of 1st period - Ryan O'Reilly wins face-off versus Kevin Hayes in EDMONTON ICE zone. 0:47 of 1st period - Shot by Phil Kessel. 0:47 of 1st period - Stopped by Jake Allen without a rebound. 0:48 of 1st period - Valtteri Filppula wins face-off versus Jeff Carter in EDMONTON ICE zone. 1:56 of 1st period - Off-side. 1:57 of 1st period - Kevin Hayes wins face-off versus Oscar Lindberg in neutral zone. 2:01 of 1st period - Icing by Jeff Petry. 2:02 of 1st period - Oscar Lindberg wins face-off versus Justin Kloos in EDMONTON ICE zone. 2:13 of 1st period - Icing by Gavin Bayreuther. 2:14 of 1st period - Justin Kloos wins face-off versus Eric Fehr in PHOENIX MUSTANGS zone. 2:20 of 1st period - Icing by Gavin Bayreuther. 2:21 of 1st period - Justin Kloos wins face-off versus Eric Fehr in PHOENIX MUSTANGS zone. 2:28 of 1st period - Shot by T.J. Oshie. 2:28 of 1st period - Stopped by Jake Allen without a rebound. 2:29 of 1st period - Ryan O'Reilly wins face-off versus Nicklas Backstrom in EDMONTON ICE zone. 2:29 of 1st period - Ryan O'Reilly is hit by Jeff Carter. 4:15 of 1st period - Off-side. 4:16 of 1st period - Eric Fehr wins face-off versus Justin Kloos in neutral zone. 4:23 of 1st period - Shot by Ondrej Kase. 4:23 of 1st period - Goal by Ondrej Kase - EDMONTON ICE : 1 - PHOENIX MUSTANGS : 0. 4:24 of 1st period - Eric Fehr wins face-off versus Justin Kloos in neutral zone. 4:31 of 1st period - Shot by Ondrej Kase. 4:31 of 1st period - Deflect By Conor Sheary. 4:31 of 1st period - Stopped by Corey Crawford with a rebound. 4:33 of 1st period - Shot by Jeff Petry. 4:33 of 1st period - Shot Blocked by Jake Gardiner. 4:46 of 1st period - Icing by Colton Parayko. 4:47 of 1st period - Nicklas Backstrom wins face-off versus Eric Fehr in EDMONTON ICE zone. 5:50 of 1st period - Shot by Anthony Mantha. 5:50 of 1st period - Stopped by Corey Crawford without a rebound. 5:51 of 1st period - Valtteri Filppula wins face-off versus Justin Kloos in PHOENIX MUSTANGS zone. 5:52 of 1st period - Shot by Jaden Schwartz. 5:52 of 1st period - Deflect By Patric Hornqvist. 5:52 of 1st period - Stopped by Corey Crawford without a rebound. 5:53 of 1st period - Kevin Hayes wins face-off versus Valtteri Filppula in PHOENIX MUSTANGS zone. 5:53 of 1st period - Kevin Hayes is hit by Patric Hornqvist. 6:18 of 1st period - Off-side. 6:19 of 1st period - Jeff Carter wins face-off versus Ryan O'Reilly in neutral zone. 6:24 of 1st period - Shot by Justin Faulk. 6:24 of 1st period - Stopped by Jake Allen without a rebound. 6:25 of 1st period - Oscar Lindberg wins face-off versus Jeff Carter in EDMONTON ICE zone. 6:48 of 1st period - Icing by Kevin Labanc. 6:49 of 1st period - Ryan O'Reilly wins face-off versus Jeff Carter in PHOENIX MUSTANGS zone. 7:00 of 1st period - Shot by Anthony Mantha. 7:00 of 1st period - Shot Misses the Net. 7:02 of 1st period - Shot by Ryan O'Reilly. 7:02 of 1st period - Shot Blocked by Justin Faulk. 7:11 of 1st period - Icing by Justin Faulk. 7:12 of 1st period - Valtteri Filppula wins face-off versus Jeff Carter in PHOENIX MUSTANGS zone. 7:24 of 1st period - Patric Hornqvist is hit by Justin Faulk and loses puck. 8:13 of 1st period - Shot by Phil Kessel. 8:13 of 1st period - Stopped by Jake Allen without a rebound. 8:14 of 1st period - Eric Fehr wins face-off versus Justin Kloos in EDMONTON ICE zone. 8:14 of 1st period - Eric Fehr is hit by Andrew Ladd. 8:30 of 1st period - Shot by Ondrej Kase. 8:30 of 1st period - Shot Misses the Net. 8:32 of 1st period - Shot by Eric Fehr. 8:32 of 1st period - Stopped by Corey Crawford without a rebound. 8:33 of 1st period - Ryan O'Reilly wins face-off versus Nicklas Backstrom in PHOENIX MUSTANGS zone. 8:38 of 1st period - Shot by Kasperi Kapanen. 8:38 of 1st period - Shot Misses the Net. 8:41 of 1st period - Icing by Gavin Bayreuther. 8:42 of 1st period - Anthony Mantha wins face-off versus Teuvo Teravainen in PHOENIX MUSTANGS zone. 9:49 of 1st period - Off-side. 9:50 of 1st period - Justin Kloos wins face-off versus Valtteri Filppula in neutral zone. 9:50 of 1st period - Justin Kloos is hit by Patric Hornqvist. 12:05 of 1st period - Shot by Anthony Mantha. 12:05 of 1st period - Shot Misses the Net. 12:47 of 1st period - Shot by Kevin Hayes. 12:47 of 1st period - Shot Blocked by Oscar Klefbom. 12:49 of 1st period - Shot by Alexander Steen. 12:49 of 1st period - Shot Misses the Net. 12:59 of 1st period - Shot by Kevin Hayes. 12:59 of 1st period - Shot Misses the Net. 13:15 of 1st period - Shot by Kevin Labanc. 13:15 of 1st period - Stopped by Jake Allen without a rebound. 13:16 of 1st period - Valtteri Filppula wins face-off versus Kevin Labanc in EDMONTON ICE zone. 13:49 of 1st period - Shot by Jaden Schwartz. 13:49 of 1st period - Stopped by Corey Crawford without a rebound. 13:50 of 1st period - Justin Kloos wins face-off versus Oscar Lindberg in PHOENIX MUSTANGS zone. 13:57 of 1st period - Shot by Andrew Ladd. 13:57 of 1st period - Stopped by Jake Allen without a rebound. 13:58 of 1st period - Oscar Lindberg wins face-off versus Kevin Hayes in EDMONTON ICE zone. 13:58 of 1st period - Colton Parayko is hit by Kevin Hayes and loses puck. 14:09 of 1st period - Shot by Tanner Pearson. 14:09 of 1st period - Stopped by Corey Crawford without a rebound. 14:10 of 1st period - Valtteri Filppula wins face-off versus Justin Kloos in PHOENIX MUSTANGS zone. 14:12 of 1st period - Patric Hornqvist is hit by Fredrik Claesson. 14:17 of 1st period - Patric Hornqvist is hit by Fredrik Claesson and loses puck. 14:21 of 1st period - Icing by T.J. Oshie. 14:22 of 1st period - Justin Kloos wins face-off versus Ryan O'Reilly in PHOENIX MUSTANGS zone. 14:35 of 1st period - Shot by Justin Kloos. 14:35 of 1st period - Shot Misses the Net. 14:47 of 1st period - Shot by T.J. Oshie. 14:47 of 1st period - Stopped by Jake Allen without a rebound. 14:48 of 1st period - Nicklas Backstrom wins face-off versus Valtteri Filppula in EDMONTON ICE zone. 15:04 of 1st period - Off-side. 15:05 of 1st period - Eric Fehr wins face-off versus Kevin Hayes in neutral zone. 15:12 of 1st period - Justin Faulk is hit by Conor Sheary and loses puck. 15:32 of 1st period - Shot by Eric Fehr. 15:32 of 1st period - Stopped by Corey Crawford without a rebound. 15:33 of 1st period - Valtteri Filppula wins face-off versus Teuvo Teravainen in PHOENIX MUSTANGS zone. 15:34 of 1st period - Shot by Jaden Schwartz. 15:34 of 1st period - Stopped by Corey Crawford without a rebound. 15:35 of 1st period - Valtteri Filppula wins face-off versus Nicklas Backstrom in PHOENIX MUSTANGS zone. 15:53 of 1st period - Patric Hornqvist is hit by Jake Gardiner and loses puck. 16:06 of 1st period - Shot by Jaden Schwartz. 16:06 of 1st period - Stopped by Corey Crawford without a rebound. 16:07 of 1st period - Ryan O'Reilly wins face-off versus Kevin Hayes in PHOENIX MUSTANGS zone. 16:10 of 1st period - Shot by Anthony Mantha. 16:10 of 1st period - Shot Misses the Net. 16:29 of 1st period - Shot by Kevin Hayes. 16:29 of 1st period - Shot Blocked by Oscar Klefbom. 16:44 of 1st period - Alexander Steen is hit by Andrew MacDonald and loses puck. 16:51 of 1st period - Shot by Phil Kessel. 16:51 of 1st period - Shot Misses the Net. 17:09 of 1st period - Shot by Jeff Carter. 17:09 of 1st period - Stopped by Jake Allen with a rebound. 17:11 of 1st period - Shot by Erik Karlsson. 17:11 of 1st period - Shot Blocked by Andrew MacDonald. 17:44 of 1st period - Erik Karlsson is hit by Valtteri Filppula and loses puck. 17:48 of 1st period - Minor Penalty to Valtteri Filppula for Slashing. 17:49 of 1st period - Oscar Lindberg wins face-off versus Jeff Carter in EDMONTON ICE zone. 18:13 of 1st period - Shot by Erik Karlsson. 18:13 of 1st period - Stopped by Jake Allen without a rebound. 18:14 of 1st period - Kevin Hayes wins face-off versus Eric Fehr in EDMONTON ICE zone. 18:14 of 1st period - Kevin Hayes is hit by Colton Parayko. 18:24 of 1st period - Shot by Kevin Hayes. 18:24 of 1st period - Stopped by Jake Allen with a rebound. 18:26 of 1st period - Shot by Alexander Steen. 18:26 of 1st period - Goal by Alexander Steen - EDMONTON ICE : 1 - PHOENIX MUSTANGS : 1. 18:27 of 1st period - Valtteri Filppula wins face-off versus Justin Kloos in neutral zone. 18:30 of 1st period - T.J. Oshie is hit by Patric Hornqvist and loses puck. 18:39 of 1st period - Casey Nelson is hit by Andrew Ladd and loses puck. 19:00 of 1st period - Justin Kloos is hit by Markus Nutivaara and loses puck. 19:10 of 1st period - Icing by Markus Nutivaara. 19:11 of 1st period - Kevin Hayes wins face-off versus Valtteri Filppula in EDMONTON ICE zone. 19:37 of 1st period - Shot by Phil Kessel. 19:37 of 1st period - Shot Misses the Net. 19:39 of 1st period - Shot by Kevin Hayes. 19:39 of 1st period - Stopped by Jake Allen without a rebound. 19:40 of 1st period - Eric Fehr wins face-off versus Jeff Carter in EDMONTON ICE zone. 19:57 of 1st period - Teuvo Teravainen is hit by Ondrej Kase and loses puck. Goals for this period are 1 for EDMONTON ICE vs 1 for PHOENIX MUSTANGS. Shots for this period are 10 for EDMONTON ICE vs 12 for PHOENIX MUSTANGS. 2nd period 0:01 of 2nd period - Nicklas Backstrom wins face-off versus Eric Fehr in neutral zone. 0:16 of 2nd period - Icing by Conor Sheary. 0:17 of 2nd period - Eric Fehr wins face-off versus Kevin Hayes in EDMONTON ICE zone. 1:23 of 2nd period - Shot by Ryan O'Reilly. 1:23 of 2nd period - Stopped by Corey Crawford with a rebound. 1:31 of 2nd period - Shot by Ryan O'Reilly. 1:31 of 2nd period - Stopped by Corey Crawford with a rebound. 1:33 of 2nd period - Shot by Ryan O'Reilly. 1:33 of 2nd period - Shot Misses the Net. 1:35 of 2nd period - Shot by Kasperi Kapanen. 1:35